 Dungeon Crawl Stone Soup version 0.29-a0-380-gf50f0a9fbc (webtiles) character file.

Game seed: 16912364701199641394

93 bastard the Conjurer (level 4, 0/24 HPs)
             Began as a Tengu Fire Elementalist on May 6, 2022.
             Killed by nerve-wracking pain
             ... invoked by Grinder
              (2 damage)
             ... while paralysed by Grinder
             ... on level 3 of the Dungeon.
             The game lasted 00:04:01 (2060 turns).

bastard the Conjurer (Tengu Fire Elementalist)      Turns: 2060, Time: 00:04:01

Health: 0/24       AC:  2    Str:  8    XL:     4   Next: 61%
Magic:  2/8        EV:  2    Int: 18    God:
Gold:   82         SH:  0    Dex: 14    Spells: 4/7 levels left

rFire   . . .      SeeInvis .   i - +0 dagger (venom)
rCold   . . .      Faith    .   (no shield)
rNeg    . . .      Spirit   .   a - +0 robe
rPois   +          Reflect  .   (helmet restricted)
rElec   .          Harm     .   (no cloak)
rCorr   .          Rampage  .   (no gloves)
Will    .....                   (boots unavailable)
Stlth   ++........              (no amulet)
HPRegen 0.08/turn               f - ring of poison resistance
MPRegen 0.11/turn               (no ring)

@: paralysed
A: beak, talons 3
a: no special abilities


You were on level 3 of the Dungeon.
You visited 1 branch of the dungeon, and saw 3 of its levels.

You collected 82 gold pieces.

Inventory:

Hand Weapons
 i - a +0 dagger of venom (weapon)
Armour
 a - a +0 robe (worn)
Jewellery
 f - a ring of poison resistance (left hand)
Scrolls
 d - a scroll of amnesia
Potions
 b - 3 potions of magic
 c - 3 potions of degeneration {unknown}
 e - a potion of mutation {unknown}
 g - 2 potions of curing {unknown}
 h - a potion of flight {unknown}


   Skills:
 - Level 2.1 Dodging
 - Level 2.0 Stealth
 - Level 2.0 Spellcasting
 * Level 4.7 Conjurations
 + Level 4.2 Fire Magic


You had 4 spell levels left.
You knew the following spells:

 Your Spells              Type           Power      Damage    Failure   Level
a - Foxfire               Conj/Fire      68%        2x1d7     3%          1
b - Scorch                Fire           34%        2d7       4%          2

Your spell library contained the following spells:

 Spells                   Type           Power      Damage    Failure   Level
 Conjure Flame            Conj/Fire      17%        6-21      9%          3
 Slow                     Hex            4%         N/A       19%         1
 Summon Small Mammal      Summ           4%         N/A       19%         1
 Inner Flame              Hex/Fire       9%         N/A       22%         3
 Flame Wave               Conj/Fire      17%        2d6       28%         4
 Call Canine Familiar     Summ           1%         N/A       47%         3
 Confusing Touch          Hex            1%         N/A       47%         3
 Summon Guardian Golem    Hex/Summ       1%         N/A       47%         3
 Vampiric Draining        Necr           1%         2d6       47%         3


Dungeon Overview and Level Annotations

Branches:
Dungeon (3/15)

Altars:

Annotations:
D:3 Grinder


Innate Abilities, Weirdness & Mutations

You have a beak for a mouth.
You have claws for feet.


Message History

Flames lash Grinder.
Grinder is moderately wounded.
Grinder's fire resistance burns away.
You conjure some foxfire!
Grinder gestures at you.
You barely resist.
The foxfire hits Grinder.
Grinder is burned terribly!
Grinder is moderately wounded.
The foxfire hits Grinder!
Grinder is burned terribly!
Grinder is heavily wounded.
Grinder hits you!
You writhe in agony.
You conjure some foxfire!
Grinder is no longer more vulnerable to fire.
Grinder completely misses you.
The foxfire hits Grinder.
Grinder is heavily wounded.
The foxfire hits Grinder but does no damage.
Grinder is heavily wounded.
Grinder hits you.
You writhe in agony.
You are too injured to fight recklessly!
Unknown command.
You are too injured to fight recklessly!
Casting: Foxfire (safe; 3% risk of failure)
Confirm with . or Enter, or press ? or * to list all spells.
You conjure some foxfire!
Grinder gestures at you.
You suddenly lose the ability to move!
The foxfire hits Grinder.
Grinder is severely wounded.
The foxfire hits Grinder.
Grinder is severely wounded.
Grinder hits you.
* * * LOW HITPOINT WARNING * * *
You writhe in agony.
* * * LOW HITPOINT WARNING * * *
Grinder blinks!
The orc wizard shouts!
Grinder gestures at you. Pain shoots through your body!
You die...

#. .$ #. #. #.
.. #.####....
######..)5.[o..
#......@#
#.#####<# ###


You could see Grinder and an orc wizard.

Vanquished Creatures
  Natasha (D:2)
  An orc wizard (D:3)
  2 worms (D:2)
  3 orcs (D:3)
  3 ball pythons
  3 bats (D:1)
  3 endoplasms
  A giant cockroach (D:2)
  5 goblins
  2 hobgoblins
  2 frilled lizards
  8 kobolds
  3 rats
37 creatures vanquished.

Vanquished Creatures (collateral kills)
  5 foxfires (D:1)
5 creatures vanquished.

Vanquished Creatures (others)
  113 foxfires
  3 plants (D:1)
116 creatures vanquished.

Grand Total: 158 creatures vanquished

Notes
Turn   | Place    | Note
-------+----------+-------------------------------------------
     0 | D:1      | bastard the Tengu Fire Elementalist began the quest for the
                  | Orb.
     0 | D:1      | Reached XP level 1. HP: 10/10 MP: 4/4
   269 | D:1      | Reached XP level 2. HP: 15/15 MP: 3/6
   273 | D:1      | Learned a level 2 spell: Scorch
   513 | D:1      | Found a faded altar of an unknown god.
   947 | D:2      | Reached XP level 3. HP: 19/19 MP: 4/7
  1594 | D:2      | Noticed Natasha
  1601 | D:2      | Killed Natasha
  1602 | D:2      | Reached XP level 4. HP: 9/24 MP: 2/8
  1980 | D:3      | Noticed Grinder
  2055 | D:3      | Paralysed by Grinder for 7 turns
  2056 | D:3      | HP: 1/24 [Grinder (2)]
  2060 | D:3      | Killed from afar by Grinder

Illustrated notes

Levels and vault maps discovered:
D:1:      minmay_arrival_jagged, layout_rooms, chequers_ecumenical_altar_simple,
          serial_forest, infiniplex_forest_clump_double,
          infiniplex_forest_straight_5, infiniplex_forest_pool,
          infiniplex_forest_lined_1, infiniplex_forest_clump_curved,
          infiniplex_forest_lined_3_way, infiniplex_forest_lined_corner,
          infiniplex_forest_clump_small, infiniplex_forest_straight_4,
          infiniplex_forest_corner_2
D:2:      layout_loops_corners, uniq_natasha
D:3:      layout_basic, nemelex_diamond_rough_becter, gup_sewer_entry_spiral,
          kennysheep_generic_room_16, uniq_grinder, uniq_robin

Skill      XL: |  1  2  3 |
---------------+----------+-----
Conjurations   | 2 3 4 |  4.7
Fire Magic     | 4 |  4.2
Dodging        | |  2.1
Stealth        | |  2.0
Spellcasting   | |  2.0

Action                   |  1- 3 |  4- 6 || total
-------------------------+-------+-------++-------
Melee: Unarmed           |     1 |       ||     1
       Kick              |     1 |       ||     1
 Cast: Foxfire           |    55 |    14 ||    69
       Scorch            |     1 |     1 ||     2
  Use: Scroll            |     2 |       ||     2
Armor: Robe              |     2 |       ||     2
Dodge: Dodged            |     7 |     3 ||    10

Table legend: (Time is in decaauts)
 A = Elapsed time spent in this place.
 B = Non-inter-level travel time spent in this place.
 C = Inter-level travel time spent in this place.
 D = Time resting spent in this place.
 E = Time spent auto-exploring this place.
 F = Levels seen in this place.
 G = Mean time per level.
                   A        B        C        D        E       F      G
               +--------+--------+--------+--------+--------+-----+--------+
         Total |   2059 |   2019 |     40 |      0 |   1748 |   3 |  686.3 |
       Dungeon |   2059 |   2019 |     40 |      0 |   1748 |   3 |  686.3 |
               +--------+--------+--------+--------+--------+-----+--------+

Top non-repeatable levels by time:
     D:2: 1232 daAuts
     D:1: 790 daAuts
     D:3: 37 daAuts
